 Dungeon Crawl Stone Soup version 0.29.1-13-g9f3cf754e1 (webtiles) character file.

Game seed: 10147004906466765006

146 tizbic2 the Caller (level 5, -4/49 HPs)
             Began as an Ogre Summoner on Feb 7, 2023.
             Slain by Crazy Yiuf
             ... wielding a +2 quarterstaff of chaos
              (18 damage)
             ... on level 3 of the Dungeon.
             The game lasted 00:10:13 (1975 turns).

tizbic2 the Caller (Ogre Summoner)                  Turns: 1975, Time: 00:10:14

Health: -4/49      AC:  5    Str: 12    XL:     5   Next: 28%
Magic:  3/9        EV:  9    Int: 18    God:
Gold:   103        SH:  0    Dex:  9    Spells: 2/10 levels left

rFire   . . .      SeeInvis .   c - staff of conjuration
rCold   + . .      Faith    .   (no shield)
rNeg    . . .      Spirit   .   r - +0 robe
rPois   .          Reflect  .   (helmet restricted)
rElec   .          Harm     .   e - +0 cloak
rCorr   .          Rampage  .   (gloves unavailable)
Will    .....                   (boots unavailable)
Stlth   +.........              q - amulet of the acrobat
HPRegen 0.16/turn               (no ring)
MPRegen 0.11/turn               (no ring)

@: no status effects
A: large, unfitting armour, tough skin 1, hooves 1, cold resistance 1, shaggy
fur 1, subdued magic 1
a: no special abilities


You were on level 3 of the Dungeon.
You visited 1 branch of the dungeon, and saw 3 of its levels.

You collected 103 gold pieces.

Inventory:

Hand Weapons
 k - a +0 battleaxe
Missiles
 f - 6 poisoned darts
Armour
 e - a +0 cloak (worn)
 r - a +0 robe (worn)
Magical Staves
 c - a staff of conjuration (weapon)
Jewellery
 q - an amulet of the acrobat (around neck)
Scrolls
 a - a scroll of identify
 d - a scroll of enchant armour {unknown}
 l - a scroll of acquirement {unknown}
 m - a scroll of enchant weapon {unknown}
 n - a scroll of fog {unknown}
 o - a scroll of immolation {unknown}
Potions
 b - a potion of magic
 g - a potion of heal wounds
 h - a potion of curing {unknown}
 i - a potion of cancellation
 j - a potion of berserk rage
 p - a potion of might {unknown}
 s - a potion of brilliance {unknown}


   Skills:
 + Level 1.9 Fighting
 * Level 2.4 Staves
 - Level 1.7 Dodging
 - Level 1.4 Stealth
 + Level 3.0 Spellcasting
 + Level 1.3 Conjurations
 - Level 3.6 Summonings
 + Level 0.4 Air Magic
 + Level 1.7 Evocations


You had 2 spell levels left.
You knew the following spells:

 Your Spells              Type           Power      Damage    Failure   Level
a - Summon Small Mammal   Summ           48%        N/A       2%          1
b - Call Canine Familiar  Summ           12%        N/A       9%          3
c - Summon Lightning Spi  Summ/Air       7%         N/A       52%         4

Your spell library contained the following spells:

 Spells                   Type           Power      Damage    Failure   Level
 Call Imp                 Summ           12%        N/A       4%          2
 Apportation              Tloc           4%         N/A       13%         1
 Necrotise                Necr           8%         1d4       13%         1
 Blink                    Tloc           4%         N/A       21%         2
 Summon Guardian Golem    Hex/Summ       7%         N/A       21%         3
 Lesser Beckoning         Tloc           2%         N/A       38%         3
 Manifold Assault         Tloc           2%         N/A       99%         5


Dungeon Overview and Level Annotations

Branches:
Dungeon (3/15)

Altars:
Xom

Shops:
D:1 *

Annotations:
D:3 Crazy Yiuf


Innate Abilities, Weirdness & Mutations

You are too large for most types of armour.
You have tough skin. (AC +1)
You have large cloven feet.
Your flesh is cold resistant. (rC+)
You are covered in fur. (AC +1)
Your spells are a little easier to cast, but a little less powerful.


Message History

Crazy Yiuf is unaffected.
The grasping roots constrict you.
You hit Crazy Yiuf. You kick Crazy Yiuf, but do no damage.
You punch Crazy Yiuf, but do no damage.
Crazy Yiuf is severely wounded.
Crazy Yiuf hits you with a +2 quarterstaff of chaos.
Crazy Yiuf burns you. The grasping roots constrict you.
You hit Crazy Yiuf but do no damage. Your kick misses Crazy Yiuf.
Crazy Yiuf is severely wounded.
Crazy Yiuf hits you with a +2 quarterstaff of chaos.
Crazy Yiuf burns you. The grasping roots constrict you.
You closely miss Crazy Yiuf. Your kick misses Crazy Yiuf.
Crazy Yiuf is severely wounded.
Crazy Yiuf closely misses you. The grasping roots constrict you.
The grasping roots release their grip on you.
You barely miss Crazy Yiuf.
Crazy Yiuf is severely wounded.
Crazy Yiuf screams, "Hah!
East noodlescoop snockshim."
Crazy Yiuf barely misses you.
You hit Crazy Yiuf but do no damage. Your kick misses Crazy Yiuf.
Crazy Yiuf is severely wounded.
Crazy Yiuf closely misses you.
You barely miss Crazy Yiuf.
Crazy Yiuf is severely wounded.
Crazy Yiuf hits you with a +2 quarterstaff of chaos!
* * * LOW HITPOINT WARNING * * *
You feel much better.
Crazy Yiuf hits you with a +2 quarterstaff of chaos.
Crazy Yiuf burns you.
Casting: Call Canine Familiar (dangerous; 9% risk of failure)
Confirm with . or Enter, or press ? or * to list all spells.
You don't have enough magic to cast this spell.
You hit Crazy Yiuf but do no damage.
Crazy Yiuf is severely wounded.
Crazy Yiuf hits you with a +2 quarterstaff of chaos.
You closely miss Crazy Yiuf.
Crazy Yiuf is severely wounded.
Crazy Yiuf hits you with a +2 quarterstaff of chaos!
* * * LOW HITPOINT WARNING * * *
You are electrocuted!!
You die...

... ###.........
#'# ########.# ♣♣.♣
#.# ♣g♣♣ #.. ♣♣§♣
..# ### ♣.♣♣ #.#
♣♣.♣♣ #.# ♣..g♣♣
#.# ♣..@.♣ #.#
#....# #.#
#....#####.#
##.....)...########
##...####........##
##### ########...
####


You could see Crazy Yiuf.

Vanquished Creatures
  Jessica (D:3)
  5 adders
  2 dart slugs (D:1)
  2 ball pythons (D:2)
  4 bats
  4 endoplasms
  4 goblins
  2 hobgoblins
  A jackal (D:3)
  A kobold (D:3)
  4 quokkas
  A frilled lizard (D:1)
  3 rats
34 creatures vanquished.

Vanquished Creatures (collateral kills)
  An adder (D:2)
  A worm (D:2)
  2 dart slugs
  An endoplasm (D:3)
  A giant cockroach (D:1)
  3 goblins
  A jackal (D:3)
  2 quokkas
  2 bats
  2 frilled lizards (D:1)
  3 rats
19 creatures vanquished.

Grand Total: 53 creatures vanquished

Notes
Turn   | Place    | Note
-------+----------+-------------------------------------------
     0 | D:1      | tizbic2 the Ogre Summoner began the quest for the Orb.
     0 | D:1      | Reached XP level 1. HP: 16/16 MP: 3/3
   152 | D:1      | Found a faded altar of an unknown god.
   210 | D:1      | Found Ucaxaall's Assorted Antiques.
   227 | D:1      | Reached XP level 2. HP: 26/26 MP: 2/5
   278 | D:1      | Reached skill level 1 in Staves
   437 | D:1      | Reached skill level 1 in Evocations
   540 | D:1      | Reached XP level 3. HP: 24/32 MP: 6/6
   630 | D:2      | Reached skill level 1 in Fighting
  1166 | D:2      | Reached skill level 1 in Conjurations
  1166 | D:2      | Reached XP level 4. HP: 41/41 MP: 5/8
  1185 | D:2      | Gained mutation: You passively map a small area around you.
                  | [potion of mutation]
  1185 | D:2      | Gained mutation: You are strong-willed. (Will+) [potion of
                  | mutation]
  1185 | D:2      | Gained mutation: You are agile. (Dex +4, Str/Int -1)
                  | [potion of mutation]
  1185 | D:2      | Gained mutation: You have large cloven feet. [potion of
                  | mutation]
  1225 | D:2      | Lost mutation: You are strong-willed. (Will+) [potion of
                  | mutation]
  1225 | D:2      | Lost mutation: You are agile. (Dex +4, Str/Int -1) [potion
                  | of mutation]
  1225 | D:2      | Lost mutation: You passively map a small area around you.
                  | [potion of mutation]
  1225 | D:2      | Gained mutation: You are covered in fur. (AC +1) [potion of
                  | mutation]
  1225 | D:2      | Gained mutation: Your flesh is cold resistant. (rC+)
                  | [potion of mutation]
  1225 | D:2      | Gained mutation: Your spells are a little easier to cast,
                  | but a little less powerful. [potion of mutation]
  1234 | D:2      | Learned a level 3 spell: Call Canine Familiar
  1239 | D:2      | Learned a level 4 spell: Summon Lightning Spire
  1572 | D:3      | Noticed Jessica
  1595 | D:3      | Killed Jessica
  1596 | D:3      | Reached XP level 5. HP: 30/49 MP: 7/9
  1771 | D:3      | Found a shimmering altar of Xom.
  1945 | D:3      | Found a runed translucent door.
  1946 | D:3      | Noticed Crazy Yiuf
  1975 | D:3      | Slain by Crazy Yiuf

Illustrated notes

Levels and vault maps discovered:
D:1:      moated_graveyard_arrival, layout_rooms, serial_shops,
          nicolae_shop_waterfront, shapermc_ecumenical_altar_pompeii
D:2:      layout_basic, chequers_jeans, minmay_octomino_e4
D:3:      layout_loops_ring, nicolae_overflow_crystal_walls, fedhas_altar_4,
          general_overflow_altar, uniq_grinder, uniq_jessica,
          uniq_crazy_yiuf_cottage

Skill      XL: |  1  2  3  4 |
---------------+-------------+-----
Staves         | 1 2 |  2.4
Evocations     | 1 |  1.7
Fighting       | 1 |  1.9
Conjurations   | 1 |  1.3
Spellcasting   | 3 |  3.0
Dodging        | |  1.7
Stealth        | |  1.4
Summonings     | |  3.6
Air Magic      | |  0.4

Action                   |  1- 3 |  4- 6 || total
-------------------------+-------+-------++-------
Melee: Staff             |   103 |    58 ||   161
       Punch             |     3 |     1 ||     4
       Kick              |       |     9 ||     9
 Cast: Summon Small Mamm |    26 |     6 ||    32
       Call Canine Famil |       |     9 ||     9
  Use: Scroll            |     2 |     4 ||     6
       Potion            |     1 |     4 ||     5
 Stab: Sleeping          |     3 |     3 ||     6
Armor: Robe              |    65 |    33 ||    98
Dodge: Dodged            |    58 |    36 ||    94
